 Dungeon Crawl Stone Soup version 0.14-a0-1388-g200237c (webtiles) character file.

12361 PolkaDot the Conjurer (level 11, -1/68 HPs)
             Began as a Vampire Conjurer on Dec 9, 2013.
             Was a High Priest of Sif Muna.
             Slain by a seven-headed hydra (9 damage)
             ... on Level 3 of the Lair of Beasts.
             The game lasted 01:37:33 (16306 turns).

PolkaDot the Conjurer (Vampire Conjurer)           Turns: 16306, Time: 01:37:34

HP  -1/68        AC  7     Str 11      XL: 11   Next: 48%
MP   3/18        EV 17     Int 21      God: Sif Muna [*****.]
Gold 957         SH  0     Dex 14      Spells:  6 memorised,  0 levels left

rFire  . . .     SeeInvis +     a - +10,+1 spear of Bankruptcy {speed, +Inv Int+1}
rCold  . . .     Clarity  +     m - -1 elf robe
rNeg   + . .     Conserve .     (no shield)
rPois  +         rCorr    .     (no helmet)
rElec  .         rRot     .     e - +1 cloak "Ixtoaxke" {Str+4}
SustAb . .       Spirit   .     o - +0 pair of gloves
rMut   .         Warding  .     j - +2 pair of boots
Saprov . . .     Stasis   .     K - amulet of clarity
                                B - ring of poison resistance
                                C - +3 ring of evasion

@: somewhat resistant to hostile enchantments, stealthy
A: bottle blood, fangs 3, see invisible, low mp 1, unbreathing
a: Bat Form, Bottle Blood, Channel Energy, Forget Spell, Renounce Religion,
Evoke Invisibility


You were on level 3 of the Lair of Beasts.
You worshipped Sif Muna.
Sif Muna was extremely pleased with you.
You were not thirsty.

You visited 2 branches of the dungeon, and saw 13 of its levels.

You collected 957 gold pieces.

Inventory:

Hand weapons
 a - the +10,+1 spear of Bankruptcy (weapon) {speed, +Inv Int+1}
   (You found it on level 8 of the Dungeon)

   Attacks with this weapon take half as long, but cause slightly less damage.
   It affects your intelligence (+1).
   It lets you turn invisible.
Armour
 e - the cursed +1 cloak "Ixtoaxke" (worn) {Str+4}
   (You found it on level 7 of the Dungeon)

   It affects your strength (+4).
   It has a curse placed upon it.
 j - a +2 pair of boots (worn)
 m - a -1 elven robe (worn)
 o - a +0 pair of gloves (worn)
Magical devices
 d - a wand of slowing (4)
 f - a wand of fire (10)
 n - a wand of invisibility (4)
 r - a wand of confusion (14)
 F - a wand of cold (8)
 J - a wand of enslavement (15)
Scrolls
 b - 3 scrolls of enchant weapon II
 g - 3 scrolls of immolation
 i - 3 scrolls of magic mapping
 l - a scroll of enchant armour {unknown}
 p - a scroll of acquirement {unknown}
 t - 8 scrolls of remove curse
 u - 2 scrolls of enchant weapon III {unknown}
 x - 2 scrolls of enchant weapon I
 y - 4 scrolls of identify
 H - a scroll of fog
 L - a scroll of teleportation
Jewellery
 A - an uncursed ring of protection from fire
 B - a ring of poison resistance (right hand)
 C - a +3 ring of evasion (left hand)
 K - an amulet of clarity (around neck)
Potions
 h - a potion of flight
 k - a potion of restore abilities
 v - 2 potions of curing
 z - a potion of cure mutation
 E - a potion of brilliance
 G - 2 potions of resistance
Books
 c - a book of Conjurations

   Spells                             Type                      Level
   Magic Dart                         Conjuration                  1
   *Searing Ray                       Conjuration                  2
   Dazzling Spray                     Conjuration/Hexes            3
   *Iskenderun's Mystic Blast         Conjuration                  4
   Iskenderun's Battlesphere          Conjuration/Charms           4
   *Fulminant Prism                   Conjuration/Hexes            5
 s - Sif Muna's Tome of Confrontation and Flames
   (Sif Muna gifted it to you on level 1 of the Lair of Beasts)

   Spells                             Type                      Level
   *Shock                             Conjuration/Air              1
   *Throw Flame                       Conjuration/Fire             2
   Conjure Flame                      Conjuration/Fire             3
   Sticky Flame                       Conjuration/Fire             4
   Fireball                           Conjuration/Fire             5
   Force Lance                        Conjuration                  5
 D - a book of the Tempests

   Spells                             Type                      Level
   *Static Discharge                  Conjuration/Air              3
   Lightning Bolt                     Conjuration/Air              5
   Fireball                           Conjuration/Fire             5
   Tornado                            Air                          9
   Shatter                            Earth                        9
 I - a book of Dreams

   Spells                             Type                      Level
   Ensorcelled Hibernation            Hexes/Ice                    2
   Flight                             Charms/Air                   3
   Phase Shift                        Translocation                5
   Shadow Creatures                   Summoning                    5
   Mass Confusion                     Hexes                        6
   Darkness                           Hexes                        7


   Skills:
 - Level 5.1 Dodging
 - Level 3.0 Stealth
 + Level 3.6 Spellcasting
 + Level 11.9 Conjurations
 - Level 6.0 Hexes
 * Level 5.4 Air Magic
 - Level 5.2 Evocations


You couldn't memorise any spells.
You knew the following spells:

 Your Spells              Type           Power        Failure   Level  Hunger
a - Throw Flame           Conj/Fire      ####..       1%          2    #......
d - Iskenderun's Mystic   Conj           ######..     1%          4    ####...
f - Fulminant Prism       Conj/Hex       #####.....   12%         5    #####..
s - Searing Ray           Conj           ######       1%          2    #......
z - Static Discharge      Conj/Air       #####...     1%          3    ###....
Z - Shock                 Conj/Air       ####         1%          1    None


Dungeon Overview and Level Annotations

Branches:
Dungeon (10/16)            Temple (0/1) D:7            Lair (3/8) D:9
    Orc: D:9-12       Swamp: Lair:3-6    Shoals: Lair:3-6     Snake: Lair:3-6
 Spider: Lair:3-6

Altars:
Cheibriados
Okawaru
Sif Muna
Trog


Innate Abilities, Weirdness & Mutations

You can bottle blood from corpses.
You have razor-sharp teeth.*
You have supernaturally acute eyesight.
You can survive without breathing.*
Your magical capacity is low (-10% MP).+


Message History

The seven-headed hydra is severely wounded.
* * * LOW MAGIC WARNING * * *
A five-headed hydra comes into view.
The searing ray hits the seven-headed hydra.
The seven-headed hydra is severely wounded.
* * * LOW MAGIC WARNING * * *
The seven-headed hydra completely misses you.
The seven-headed hydra misses you. The seven-headed hydra bites you!
The seven-headed hydra bites you!
The seven-headed hydra closely misses you.
The seven-headed hydra bites you but does no damage.
The searing ray hits the seven-headed hydra.
The seven-headed hydra is almost dead.
* * * LOW MAGIC WARNING * * *
The seven-headed hydra misses you.
The seven-headed hydra bites you but does no damage.
The seven-headed hydra bites you!
* * * LOW HITPOINT WARNING * * *
The seven-headed hydra bites you!
You die...

# #...#....................#... #
###..###......#...........##...
###...f##......###....#......f...
..#........>...###...####........
.................#..### ##.......
...........%........#.###.......>
.......................... .
...........................
................@..........
................D..........
..........................
..........................
..........................
............)..........
...................!.
...........D.......
...............


You could see a seven-headed hydra and a five-headed hydra.

Vanquished Creatures
  Erolcha (D:9)
  Psyche (D:9)
  2 spiny frogs
  4 wandering mushrooms (Lair:2)
  3 komodo dragons
  A troll (D:9)
  3 blink frogs (Lair:2)
  A two-headed ogre (D:8)
  A basilisk (Lair:1)
  Grum (D:8)
  4 wolves
  2 manticores
  A hippogriff (D:9)
  A hungry ghost (D:8)
  7 yaks
  A necrophage (D:6)
  3 porcupines
  An orc warrior (D:6)
  An ice beast (D:8)
  A black bear (D:8)
  2 sky beasts
  4 ogres
  9 big kobolds
  2 centaurs
  A crocodile (Lair:3)
  Duvessa (D:5)
  3 giant slugs
  6 giant frogs
  A manticore zombie (D:8)
  4 water moccasins
  A yak skeleton (D:8)
  A yak zombie (D:8)
  7 killer bees
  6 crimson imps
  2 jellies (D:9)
  Dowan (D:5)
  A giant frog zombie (D:5)
  5 orc wizards
  8 hounds
  2 scorpions (D:8)
  Crazy Yiuf (D:2)
  4 orc priests
  6 iguanas
  6 worker ants
  Terence (D:2)
  A mummy (D:6)
  13 adders
  3 giant centipedes
  A gnoll (D:4)
  6 green rats (Lair:2)
  5 giant mites
  A worm (D:7)
  An adder skeleton (D:6)
  3 giant eyeballs
  7 giant geckos
  17 orcs
  3 ball pythons
  17 bats
  A bat skeleton (D:4)
  11 goblins
  16 hobgoblins
  6 quokkas
  4 giant cockroaches
  5 giant newts
  2 giant spores
  A hobgoblin skeleton (D:7)
  2 hobgoblin zombies (D:6)
  19 jackals
  2 jackal skeletons
  49 kobolds
  A kobold zombie (D:6)
  2 orc skeletons
  An orc zombie (D:6)
  19 rats
  4 ballistomycetes
348 creatures vanquished.

Vanquished Creatures (others)
  20 fulminant prisms
  A ball python (D:6)
21 creatures vanquished.

Grand Total: 369 creatures vanquished

Notes
Turn   | Place    | Note
--------------------------------------------------------------
     0 | D:1      | PolkaDot, the Vampire Conjurer, began the quest for the Orb.
     0 | D:1      | Reached XP level 1. HP: 13/13 MP: 3/3
   372 | D:1      | Reached XP level 2. HP: 13/19 MP: 0/4
   376 | D:1      | Learned a level 2 spell: Searing Ray
  1026 | D:1      | Reached XP level 3. HP: 24/24 MP: 3/6
  1626 | D:2      | Found a bloodstained altar of Trog.
  1693 | D:2      | Reached skill level 4 in Conjurations
  1755 | D:2      | Noticed Crazy Yiuf
  1763 | D:2      | Killed Crazy Yiuf
  1763 | D:2      | Reached XP level 4. HP: 30/30 MP: 2/7
  1900 | D:2      | Noticed Terence
  1914 | D:2      | Killed Terence
  2208 | D:2      | Reached XP level 5. HP: 35/35 MP: 7/9
  2385 | D:3      | Learned a level 4 spell: Iskenderun's Mystic Blast
  2773 | D:3      | Reached skill level 5 in Conjurations
  3529 | D:4      | Reached XP level 6. HP: 41/41 MP: 1/10
  3633 | D:4      | Found a deep blue altar of Sif Muna.
  3636 | D:4      | Became a worshipper of Sif Muna the Loreminder
  3757 | D:4      | Found a snail-covered altar of Cheibriados.
  3840 | D:4      | Gained mutation: Your magical capacity is low (-10% MP). [potion of mutation]
  3840 | D:4      | Gained mutation: Your mind is acute. (Int +2) [potion of mutation]
  3840 | D:4      | Lost mutation: Your mind is acute. (Int +2) [potion of mutation]
  4212 | D:4      | Paralysed by a giant eyeball for 2 turns
  4383 | D:4      | Reached skill level 6 in Conjurations
  4591 | D:4      | Reached XP level 7. HP: 37/46 MP: 4/10
  4855 | D:4      | Acquired Sif Muna's first power
  4912 | D:4      | hurdos: How is VpCj going?
  4912 | D:4      | PolkaDot: quite well
  4912 | D:4      | PolkaDot: should be agood one so long as I don't be daft
  4912 | D:4      | PolkaDot: will have to stop after clearing D:4 though, things to do :)
  5100 | D:4      | Reached skill level 7 in Conjurations
  5414 | D:4      | Acquired Sif Muna's second power
  5414 | D:4      | Reached XP level 8. HP: 28/52 MP: 2/11
  5701 | D:4      | Reached skill level 8 in Conjurations
  5741 | D:5      | Entered Level 5 of the Dungeon
  6129 | D:5      | Found an iron altar of Okawaru.
  6436 | D:5      | Noticed Duvessa
  6441 | D:5      | Noticed Dowan
  6497 | D:5      | Killed Dowan
  6505 | D:5      | Killed Duvessa
  7085 | D:5      | Reached skill level 9 in Conjurations
  7549 | D:6      | Reached XP level 9. HP: 31/57 MP: 0/12
  7571 | D:6      | Paralysed by a giant eyeball for 4 turns
  8389 | D:7      | Learned a level 5 spell: Fulminant Prism
  8401 | D:7      | Reached skill level 10 in Conjurations
  8401 | D:7      | Reached skill level 1 in Hexes
  8803 | D:7      | Acquired Sif Muna's third power
  8863 | D:7      | Got a distressingly furry cloak
  8864 | D:7      | Identified the cursed +1 cloak "Ixtoaxke" {Str+4} (You found it on level 7 of the Dungeon)
  8990 | D:7      | Found a staircase to the Ecumenical Temple.
  9616 | D:8      | Noticed Grum
  9628 | D:8      | Killed Grum
  9634 | D:8      | Reached skill level 5 in Hexes
  9644 | D:8      | Reached XP level 10. HP: 25/63 MP: 4/14
  9744 | D:8      | Got a crude spear
  9889 | D:7      | Identified the +10,+1 spear of Bankruptcy {speed, +Inv Int+1} (You found it on level 8 of the Dungeon)
 10292 | D:8      | Reached skill level 5 in Dodging
 10668 | D:8      | Reached skill level 1 in Evocations
 10758 | D:9      | Reached skill level 11 in Conjurations
 10774 | D:9      | Noticed Erolcha
 11420 | D:9      | Found a staircase to the Lair.
 11504 | D:9      | Killed Erolcha
 11669 | D:9      | Noticed Psyche
 11674 | D:9      | Killed Psyche
 11967 | D:10     | Entered Level 10 of the Dungeon
 12088 | Lair:1   | Entered Level 1 of the Lair of Beasts
 12616 | Lair:1   | Received a gift from Sif Muna
 12617 | Lair:1   | Identified Sif Muna's Tome of Confrontation and Flames (Sif Muna gifted it to you on level 1 of the Lair of Beasts)
 12622 | Lair:1   | Learned a level 1 spell: Shock
 12625 | Lair:1   | Learned a level 2 spell: Throw Flame
 12858 | Lair:1   | Reached skill level 1 in Air Magic
 13297 | Lair:1   | Reached XP level 11. HP: 36/68 MP: 1/18
 13526 | Lair:1   | Learned a level 3 spell: Static Discharge
 14327 | Lair:2   | PolkaDot: Hi :)
 14337 | Lair:3   | Noticed a seven-headed hydra
 14339 | Lair:3   | Somebody: Hi there.
 14466 | Lair:3   | PolkaDot: how's it going?
 14466 | Lair:3   | Somebody: I have been working on my rc file, but other that that it have been uneventful.
 14466 | Lair:3   | PolkaDot: fair enough
 14466 | Lair:3   | PolkaDot: I really should do that
 14466 | Lair:3   | PolkaDot: map some of the mor ecommon spells I use
 14551 | Lair:3   | Somebody: It now containts a Lua script found in the Medar's rc file that automates some of the early Dungeon armour tedium.
 14564 | Lair:3   | PolkaDot: Ohh, very nice
 15402 | Lair:2   | Reached skill level 5 in Evocations
 15568 | Lair:2   | Reached skill level 5 in Air Magic
 16305 | Lair:3   | Noticed a five-headed hydra
 16306 | Lair:3   | Slain by a seven-headed hydra

Action                   |  1- 3 |  4- 6 |  7- 9 | 10-12 || total
-------------------------+-------+-------+-------+-------++-------
Melee: Unarmed           |    48 |    50 |       |       ||    98
       Short sword       |       |    31 |    74 |       ||   105
       Trident           |       |       |    38 |       ||    38
       Dagger            |       |       |    68 |       ||    68
       Cutlass           |       |       |   112 |     3 ||   115
       Spear             |       |       |       |   177 ||   177
 Cast: Magic Dart        |    30 |    62 |     6 |     7 ||   105
       Searing Ray       |     9 |    27 |    56 |    83 ||   175
       Iskenderun's Myst |       |       |    28 |    37 ||    65
       Fulminant Prism   |       |       |       |    20 ||    20
       Throw Flame       |       |       |       |     1 ||     1
Invok: Channel Energy    |       |       |    48 |    63 ||   111
       Forget Spell      |       |       |       |     1 ||     1
 Abil: Bottle Blood      |       |     3 |       |       ||     3
       End Transformatio |       |       |       |     2 ||     2
       Bat Form          |       |       |       |     2 ||     2
       Evoke Invisibilit |       |       |       |     2 ||     2
Evoke: Wand              |       |       |     2 |     3 ||     5
  Use: Potion            |     2 |     8 |    13 |     1 ||    24
       Scroll            |       |     7 |    14 |    16 ||    37
 Stab: Sleeping          |     2 |     2 |     6 |     4 ||    14
       Invisible         |       |       |     2 |       ||     2
